 Dungeon Crawl Stone Soup version 0.27.1-33-g824d729ab1 (webtiles) character file.

Game seed: 16875093492693446891

7493 Labrat the Thaumaturge (level 11, -1/81 HPs)
             Began as a Gnoll Hedge Wizard on Dec 28, 2021.
             Was a Priest of Vehumet.
             Slain by a slime creature (20 damage)
             ... on level 9 of the Dungeon.
             The game lasted 01:02:44 (16681 turns).

Labrat the Thaumaturge (Gnoll Hedge Wizard)        Turns: 16681, Time: 01:02:45

Health: -1/81      AC:  5    Str: 11    XL:     11   Next: 16%
Magic:  27/33      EV: 14    Int: 25    God:    Vehumet [***...]
Gold:   621        SH:  0    Dex:  9    Spells: 17/28 levels left

rFire    . . .     SeeInvis .   p - +3 falchion (freeze)
rCold    + + +     Faith    .   (no shield)
rNeg     . . .     Spirit   .   M - +2 robe {Will+}
rPois    .         Reflect  .   c - +0 hat
rElec    .         Harm     .   (no cloak)
rCorr    +         Rampage  .   q - +0 pair of gloves
Will     +....                  (no boots)
Stlth    +++.......             (no amulet)
HPRegen  0.23/turn              N - ring of the Invisible Hand {rC+++ rCorr Int+9 Dex-2}
MPRegen  0.23/turn              C - ring of magical power

@: no status effects
A: fangs 1, strong nose, distributed training
a: Renounce Religion


You were on level 9 of the Dungeon.
You worshipped Vehumet.
Vehumet was most pleased with you.
You visited 2 branches of the dungeon, and saw 11 of its levels.

You collected 621 gold pieces.

Inventory:

Hand Weapons
 p - a +3 falchion of freezing (weapon)
Missiles
 g - 21 poisoned darts
 h - 8 atropa-tipped darts
 r - a throwing net
 E - 2 datura-tipped darts
Armour
 c - a +0 hat (worn)
 q - a +0 pair of gloves (worn)
 M - a +2 robe of willpower (worn)
Jewellery
 v - a +6 ring of dexterity
 x - a ring of see invisible
 C - a ring of magical power (right hand)
 N - the ring of the Invisible Hand (left hand) {rC+++ rCorr Int+9 Dex-2}
   (You found it on level 10 of the Dungeon)

   [ring of resist corrosion]

   Int:       It affects your intelligence (+9).
   Dex:       It affects your dexterity (-2).
   rC:        It renders you almost immune to cold.
   rCorr:     It protects you from acid and corrosion.
Wands
 s - a wand of flame (26)
 B - a wand of iceblast (31)
Scrolls
 d - 4 scrolls of blinking
 e - a scroll of summoning
 i - 2 scrolls of holy word
 j - 2 scrolls of noise
 k - 3 scrolls of enchant weapon
 l - 2 scrolls of brand weapon {unknown}
 o - a scroll of acquirement {unknown}
 t - 2 scrolls of teleportation {unknown}
 y - 3 scrolls of fear
 z - 3 scrolls of amnesia {unknown}
 G - a scroll of magic mapping {unknown}
 H - a scroll of immolation {unknown}
 K - a scroll of torment {unknown}
 L - 2 scrolls of identify
Potions
 a - a potion of attraction {unknown}
 b - 2 potions of curing
 f - 2 potions of haste
 m - 2 potions of mutation
 n - a potion of resistance
 u - 2 potions of brilliance {unknown}
 w - 3 potions of heal wounds {unknown}
 A - a potion of lignification {unknown}
 D - a potion of degeneration {unknown}
 F - 2 potions of flight {unknown}
 I - a potion of berserk rage {unknown}
 J - a potion of cancellation {unknown}


   Skills:
 + Level 6.0 Fighting
 + Level 6.0 Short Blades
 + Level 6.0 Long Blades
 + Level 6.0 Axes
 + Level 6.0 Maces & Flails
 + Level 6.0 Polearms
 + Level 6.0 Staves
 + Level 6.0 Slings
 + Level 6.0 Bows
 + Level 6.0 Crossbows
 + Level 6.0 Throwing
 + Level 6.0 Armour
 + Level 7.6 Dodging
 + Level 7.4 Stealth
 + Level 6.0 Shields
 + Level 6.0 Unarmed Combat
 + Level 9.4 Spellcasting
 + Level 5.5 Conjurations
 + Level 5.0 Hexes
 + Level 5.5 Summonings
 + Level 5.0 Necromancy
 + Level 5.5 Translocations
 + Level 5.0 Transmutations
 + Level 5.0 Fire Magic
 + Level 5.0 Ice Magic
 + Level 5.0 Air Magic
 + Level 5.0 Earth Magic
 + Level 5.0 Poison Magic
 + Level 6.6 Invocations
 + Level 6.0 Evocations


You had 17 spell levels left.
You knew the following spells:

 Your Spells              Type           Power      Damage    Failure   Level
a - Magic Dart            Conj           100%       1d8       1%          1
b - Blink                 Tloc           N/A        N/A       1%          2
c - Call Imp              Summ           39%        N/A       1%          2
e - Mephitic Cloud        Conj/Pois/Air  37%        N/A       1%          3
i - Ignite Poison         Fire/Tmut/Pois 36%        N/A       1%          3

Your spell library contained the following spells:

 Spells                   Type           Power      Damage    Failure   Level
 Corona                   Hex            40%        N/A       1%          1
 Ensorcelled Hibernation  Hex/Ice        72%        N/A       1%          2
 Slow                     Hex            36%        N/A       1%          2
 Conjure Flame            Conj/Fire      38%        6-21      1%          3
 Tukima's Dance           Hex            36%        N/A       1%          3


Dungeon Overview and Level Annotations

Branches:
Dungeon (10/15)            Temple (1/1) D:4            Lair (0/6) D:10
    Orc: D:9-12

Altars:
Ashenzari
Cheibriados
Elyvilon
Fedhas
Gozag
Hepliaklqana
Okawaru
Ru
Sif Muna
Trog
Vehumet
Wu Jian
Xom
The Shining One
Beogh


Innate Abilities, Weirdness & Mutations

You have very sharp teeth.
Your uncanny sense of smell can sniff out nearby items.
Your experience applies equally to all skills.


Message History

Press: ? - help, Shift-Dir - straight line, f/p - slime creature
Aim: a slime creature (lightly wounded, 100% to hit)
The magic dart hits the slime creature.
The slime creature is lightly wounded.
Casting: Magic Dart (safe; 1% risk of failure)
Confirm with . or Enter, or press ? or * to list all spells.
Aiming: Magic Dart (safe; 1% risk of failure)
Press: ? - help, Shift-Dir - straight line, f/p - slime creature
Aim: a slime creature (lightly wounded, 100% to hit)
The magic dart hits the slime creature.
The slime creature is moderately wounded.
Casting: Magic Dart (safe; 1% risk of failure)
Confirm with . or Enter, or press ? or * to list all spells.
Aiming: Magic Dart (safe; 1% risk of failure)
Press: ? - help, Shift-Dir - straight line, f/p - slime creature
Aim: a slime creature (moderately wounded, 100% to hit)
The magic dart hits the slime creature.
The slime creature is moderately wounded.
You hit the slime creature. You freeze the slime creature.
The slime creature is moderately wounded.
The slime creature hits you!
You slash the slime creature! You freeze the slime creature.
The slime creature is heavily wounded.
The slime creature closely misses you.
You hit the slime creature. You freeze the slime creature.
The slime creature is severely wounded.
The slime creature hits you!!
The slime creature hits you but does no damage.
You hit the slime creature. You freeze the slime creature.
Your bite misses the slime creature.
The slime creature is severely wounded.
The slime creature hits you! x2
You slash the slime creature! You freeze the slime creature.
The slime creature is almost dead.
The slime creature barely misses you. The slime creature hits you!
* * * LOW HITPOINT WARNING * * *
Casting: Magic Dart (safe; 1% risk of failure)
Confirm with . or Enter, or press ? or * to list all spells.
You blink.
The slime creature hits you!!
You die...

.....................###..###
..........>..........##..## ###
#..###.......#...........## #.#
##..###......[........#...####.##
##..##....................##....#
.##.##..........................#
..#.##........................###
≈.#..#..........|J§..(.........##
##.............J@J...............
.................................
.................................
.#.........#.#.................##
.##.......####.................##
.###......# #........[.......##.
.###...#######......[<[..###.....
.##....#.....#.......[)...##.....
.##...##.....#............##.....


You could see 3 slime creatures.

Vanquished Creatures
  Erolcha (D:9)
  Erica (D:9)
  A two-headed ogre (D:8)
  Joseph (D:10)
  Maurice (D:9)
  A wyvern (D:10)
  6 yaks (D:8)
  2 wargs (D:10)
  2 water moccasins
  5 orc warriors
  An ice beast (D:8)
  Duvessa (D:5)
  4 sky beasts
  A black bear (D:4)
  A necrophage (D:3)
  3 ogres
  4 centaurs
  2 kobold brigands
  A bullfrog (D:8)
  Blork the orc (D:4)
  Dowan (D:5)
  A water moccasin skeleton (D:7)
  3 killer bees
  3 wights
  A howler monkey (D:8)
  3 bullfrog zombies
  3 centaur zombies
  2 hounds
  4 jellies
  A gnoll shaman (D:9)
  4 orc priests
  A bullfrog skeleton (D:5)
  2 centaur skeletons
  2 iguanas
  A scorpion zombie (D:5)
  6 orc wizards
  2 killer bee zombies (D:7)
  2 howler monkey zombies
  5 adders
  10 gnolls
  A shadow imp (D:7)
  A worm (D:3)
  4 dart slugs
  37 orcs
  5 endoplasms
  4 giant cockroaches
  10 goblins
  7 hobgoblins
  20 kobolds
  2 quokkas
  2 ball pythons
  A bat (D:3)
  2 frilled lizards
  6 rats
199 creatures vanquished.

Vanquished Creatures (others)
  A killer bee (D:9)
  A plant (D:10)
2 creatures vanquished.

Grand Total: 201 creatures vanquished

Notes
Turn   | Place    | Note
-------+----------+-------------------------------------------
     0 | D:1      | Labrat the Gnoll Hedge Wizard began the quest for the Orb.
     0 | D:1      | Reached XP level 1. HP: 13/13 MP: 8/8
   116 | D:1      | Reached XP level 2. HP: 19/19 MP: 6/10
   750 | D:1      | Reached XP level 3. HP: 25/25 MP: 3/11
  1224 | D:2      | Reached skill level 1 in Invocations
  2076 | D:2      | Reached skill level 1 in Fighting
  2076 | D:2      | Reached skill level 1 in Short Blades
  2076 | D:2      | Reached skill level 1 in Long Blades
  2076 | D:2      | Reached skill level 1 in Axes
  2076 | D:2      | Reached skill level 1 in Maces & Flails
  2076 | D:2      | Reached skill level 1 in Polearms
  2076 | D:2      | Reached skill level 1 in Staves
  2076 | D:2      | Reached skill level 1 in Slings
  2076 | D:2      | Reached skill level 1 in Bows
  2076 | D:2      | Reached skill level 1 in Crossbows
  2076 | D:2      | Reached skill level 1 in Throwing
  2076 | D:2      | Reached skill level 1 in Armour
  2076 | D:2      | Reached skill level 1 in Shields
  2076 | D:2      | Reached skill level 1 in Unarmed Combat
  2076 | D:2      | Reached skill level 1 in Evocations
  2447 | D:3      | Reached XP level 4. HP: 32/32 MP: 9/13
  3053 | D:2      | Learned a level 2 spell: Blink
  3057 | D:2      | Learned a level 3 spell: Mephitic Cloud
  3183 | D:3      | Reached skill level 1 in Hexes
  3183 | D:3      | Reached skill level 1 in Necromancy
  3183 | D:3      | Reached skill level 1 in Transmutations
  3183 | D:3      | Reached skill level 1 in Fire Magic
  3183 | D:3      | Reached skill level 1 in Ice Magic
  3183 | D:3      | Reached skill level 1 in Air Magic
  3183 | D:3      | Reached skill level 1 in Earth Magic
  3183 | D:3      | Reached skill level 1 in Poison Magic
  3520 | D:4      | Found a staircase to the Ecumenical Temple.
  3548 | Temple   | Entered the Ecumenical Temple
  3553 | Temple   | Became a worshipper of Vehumet
  3681 | D:4      | Reached XP level 5. HP: 32/37 MP: 8/14
  4090 | D:4      | Noticed a black bear
  4106 | D:4      | Killed a black bear
  4107 | D:4      | Reached XP level 6. HP: 39/44 MP: 10/16
  4197 | D:4      | Noticed Blork the orc
  4426 | D:4      | Killed Blork the orc
  4427 | D:4      | Reached skill level 5 in Dodging
  4817 | D:5      | Entered Level 5 of the Dungeon
  5269 | D:5      | Reached XP level 7. HP: 50/50 MP: 6/18
  6499 | D:5      | Noticed Duvessa
  6499 | D:5      | Noticed Dowan
  6522 | D:5      | Killed Dowan
  6635 | D:5      | Killed Duvessa
  6636 | D:5      | Reached skill level 5 in Stealth
  7452 | D:5      | Learned a level 2 spell: Call Imp
  7538 | D:5      | Reached XP level 8. HP: 7/57 MP: 7/19
  7542 | D:5      | HP: 2/57 [poisoned by a water moccasin]
  8974 | D:6      | Reached * piety under Vehumet
  8974 | D:6      | Offered knowledge of Sandblast by Vehumet.
  8975 | D:6      | Reached skill level 8 in Spellcasting
  9793 | D:7      | Reached XP level 9. HP: 61/65 MP: 21/21
 11987 | D:8      | Noticed a two-headed ogre
 12096 | D:8      | Killed a two-headed ogre
 12097 | D:8      | Reached skill level 5 in Invocations
 13025 | D:8      | Reached XP level 10. HP: 47/73 MP: 22/22
 13260 | D:9      | Noticed Maurice
 13528 | D:8      | Reached skill level 5 in Fighting
 13528 | D:8      | Reached skill level 5 in Short Blades
 13528 | D:8      | Reached skill level 5 in Long Blades
 13528 | D:8      | Reached skill level 5 in Axes
 13528 | D:8      | Reached skill level 5 in Maces & Flails
 13528 | D:8      | Reached skill level 5 in Polearms
 13528 | D:8      | Reached skill level 5 in Staves
 13528 | D:8      | Reached skill level 5 in Slings
 13528 | D:8      | Reached skill level 5 in Bows
 13528 | D:8      | Reached skill level 5 in Crossbows
 13528 | D:8      | Reached skill level 5 in Throwing
 13528 | D:8      | Reached skill level 5 in Armour
 13528 | D:8      | Reached skill level 5 in Shields
 13528 | D:8      | Reached skill level 5 in Unarmed Combat
 13528 | D:8      | Reached skill level 5 in Evocations
 13571 | D:8      | Reached ** piety under Vehumet
 13671 | D:8      | Offered knowledge of Foxfire by Vehumet.
 13997 | D:9      | Noticed Erica
 14019 | D:9      | Killed Erica
 14020 | D:9      | Reached skill level 9 in Spellcasting
 14042 | D:8      | Reached skill level 5 in Conjurations
 14042 | D:8      | Reached skill level 5 in Summonings
 14042 | D:8      | Reached skill level 5 in Translocations
 14189 | D:9      | Killed Maurice
 14194 | D:9      | Noticed Erolcha
 14365 | D:9      | Offered knowledge of Ignite Poison by Vehumet.
 14370 | D:9      | Learned a level 3 spell: Ignite Poison
 14557 | D:9      | Killed Erolcha
 15024 | D:10     | Entered Level 10 of the Dungeon
 15113 | D:10     | Reached XP level 11. HP: 81/81 MP: 24/24
 15177 | D:10     | Noticed Joseph
 15192 | D:10     | Killed Joseph
 15584 | D:10     | Found a staircase to the Lair.
 15589 | D:10     | Reached *** piety under Vehumet
 15704 | D:10     | Reached skill level 5 in Hexes
 15704 | D:10     | Reached skill level 5 in Necromancy
 15704 | D:10     | Reached skill level 5 in Transmutations
 15704 | D:10     | Reached skill level 5 in Fire Magic
 15704 | D:10     | Reached skill level 5 in Ice Magic
 15704 | D:10     | Reached skill level 5 in Air Magic
 15704 | D:10     | Reached skill level 5 in Earth Magic
 15704 | D:10     | Reached skill level 5 in Poison Magic
 16035 | D:10     | Found an iron altar of Okawaru.
 16213 | D:10     | Identified the ring of the Invisible Hand {rC+++ rCorr
                  | Int+9 Dex-2}
 16681 | D:9      | Slain by a slime creature

Illustrated notes

Levels and vault maps discovered:
D:1:      dpeg_arrival_windows_large_door, layout_basic, minmay_hedge_maze,
          nrook_uturn, serial_park_tiny_pond, st_stairs_10
D:2:      layout_basic
D:3:      layout_rooms, kennysheep_big_empty_room
D:4:      layout_rooms, temple_pool_b, minmay_cupped, uniq_blork_the_orc
D:5:      layout_rooms, serial_co_window_serial, co_window_of_opportunity_a,
          co_window_paths_a, co_window_paths_a, co_window_corner_a,
          co_window_corner_a, co_window_paths_a, co_window_paths_a,
          co_window_corner_ca, co_window_corner_b, co_window_corner_b,
          co_window_broadway_b, co_window_corner_b, co_window_corner_b,
          co_window_paths_d, glass_columns_c, glass_columns_a, glass_columns_a,
          glass_columns_a, uniq_duvessa
D:6:      layout_basic
D:7:      layout_basic
D:8:      layout_loops_ring
D:9:      layout_cave_pools, special_room [special_room_orc], moated_statue,
          minmay_statues_item, uniq_maurice, uniq_erolcha, uniq_erica
D:10:     layout_basic, mainiacjoe_overflow_boulevard,
          erik_lair_orcish_takeover, nicolae_straight_to_the_point, uniq_joseph
Temple:   dpeg_three_leaves_temple

Skill      XL: |  1  2  3  4  5  6  7  8  9 10 11 |
---------------+----------------------------------+-----
Conjurations   | 2 3 4 5 |  5.5
Summonings     | 2 3 4 5 |  5.5
Translocations | 2 3 4 5 |  5.5
Invocations    | 1 2 3 4 5 6 |  6.6
Fighting       | 1 2 3 4 5 6 |  6.0
Short Blades   | 1 2 3 4 5 6 |  6.0
Long Blades    | 1 2 3 4 5 6 |  6.0
Axes           | 1 2 3 4 5 6 |  6.0
Maces & Flails | 1 2 3 4 5 6 |  6.0
Polearms       | 1 2 3 4 5 6 |  6.0
Staves         | 1 2 3 4 5 6 |  6.0
Slings         | 1 2 3 4 5 6 |  6.0
Bows           | 1 2 3 4 5 6 |  6.0
Crossbows      | 1 2 3 4 5 6 |  6.0
Throwing       | 1 2 3 4 5 6 |  6.0
Armour         | 1 2 3 4 5 6 |  6.0
Shields        | 1 2 3 4 5 6 |  6.0
Unarmed Combat | 1 2 3 4 5 6 |  6.0
Evocations     | 1 2 3 4 5 6 |  6.0
Hexes          | 1 2 3 4 5 |  5.0
Necromancy     | 1 2 3 4 5 |  5.0
Transmutations | 1 2 3 4 5 |  5.0
Fire Magic     | 1 2 3 4 5 |  5.0
Ice Magic      | 1 2 3 4 5 |  5.0
Air Magic      | 1 2 3 4 5 |  5.0
Earth Magic    | 1 2 3 4 5 |  5.0
Poison Magic   | 1 2 3 4 5 |  5.0
Dodging        | 5 6 7 |  7.6
Stealth        | 5 6 7 |  7.4
Spellcasting   | 8 9 |  9.4

Action                   |  1- 3 |  4- 6 |  7- 9 | 10-12 || total
-------------------------+-------+-------+-------+-------++-------
Melee: Dagger            |    20 |    25 |       |       ||    45
       Bite              |       |     6 |    39 |    26 ||    71
       Spear             |       |    48 |   109 |       ||   157
       Punch             |       |       |     6 |    12 ||    18
       Falchion          |       |       |   169 |   163 ||   332
Throw: Dart              |       |     2 |     9 |    16 ||    27
 Cast: Magic Dart        |    87 |   127 |   206 |   127 ||   547
       Mephitic Cloud    |       |     8 |    41 |    37 ||    86
       Blink             |       |     1 |    51 |     8 ||    60
       Call Imp          |       |       |    15 |     1 ||    16
       Ignite Poison     |       |       |       |     3 ||     3
Evoke: Wand              |       |       |     1 |       ||     1
  Use: Scroll            |       |       |     9 |     1 ||    10
       Potion            |       |       |     2 |       ||     2
 Stab: Sleeping          |     1 |     1 |     3 |     3 ||     8
       Confused          |       |     7 |    20 |    17 ||    44
Armor: Robe              |     3 |     2 |    51 |    27 ||    83
Dodge: Dodged            |    11 |    46 |   229 |   134 ||   420
       Rpst.: Falchion   |       |       |    35 |    36 ||    71
